 Dungeon Crawl Stone Soup version 0.29-a0-275-g389c0b56f3 (webtiles) character file.

Game seed: 3579557281136781445

4 spaghetti the Conjurer (level 1, -1/13 HPs)
             Began as a Demonspawn Conjurer on Mar 12, 2022.
             Frozen to death by an endoplasm (5 damage)
             ... on level 1 of the Dungeon.
             The game lasted 00:00:29 (434 turns).

spaghetti the Conjurer (Demonspawn Conjurer)         Turns: 434, Time: 00:00:30

Health: -1/13      AC:  2    Str:  7    XL:     1   Next: 50%
Magic:  0/3        EV: 12    Int: 19    God:
Gold:   24         SH:  0    Dex: 11    Spells: 3/4 levels left

rFire   . . .      SeeInvis .   b - +0 short sword {short}
rCold   . . .      Faith    .   (no shield)
rNeg    . . .      Spirit   .   a - +0 robe
rPois   .          Reflect  .   (no helmet)
rElec   .          Harm     .   (no cloak)
rCorr   .          Rampage  .   (no gloves)
Will    .....                   (no boots)
Stlth   ++........              (no amulet)
HPRegen 0.04/turn               (no ring)
MPRegen 0.08/turn               (no ring)

@: very slightly contaminated
A: no striking features
a: no special abilities


You were on level 1 of the Dungeon.
You visited 1 branch of the dungeon, and saw 1 of its levels.

You collected 24 gold pieces.


   Skills:
 - Level 1.7 Dodging
 - Level 1.7 Stealth
 + Level 2.3 Spellcasting
 - Level 4.0 Conjurations


You had 3 spell levels left.
You knew the following spells:

 Your Spells              Type           Power      Damage    Failure   Level
a - Magic Dart            Conj           68%        1d6       3%          1

Your spell library contained the following spells:

 Spells                   Type           Power      Damage    Failure   Level
 Searing Ray              Conj           34%        2d5       4%          2
 Dazzling Flash           Conj/Hex       18%        N/A       22%         3
 Fulminant Prism          Conj/Hex       4%         3d6       56%         4
 Iskenderun's Mystic Bla  Conj/Tloc      9%         2d4       56%         4

Inventory:

Hand Weapons
 b - a +0 short sword (weapon) {short}
   (You took it off a kobold on level 1 of the Dungeon)
Missiles
 c - 26 stones {throwing}
 d - 9 javelins {throwing}
Armour
 a - a +0 robe (worn)

Dungeon Overview and Level Annotations

Branches:
Dungeon (1/15)

Altars:

#.. #.# #### #.# #
##..# .#.######
#.####.# #...♣♣######
........# #.#....#
♣....♣#...<#
...####.###.#.##.#
♣....♣#....#.#
...##............#
♣....♣#...##≈♣
...##.#.#####.####
####..#.#'#≈≈♣
...##.#.........@#
#..#..#.#.#≈≈≈
...##.#.#####.##J#
#..#..#'###≈≈≈
......#.# #.##g#
#..#♣......≈≈≈
.#.####.# #.##..
##'#♣.....≈≈8≈ .#.#
#.#
......##..######.≈≈≈≈
.#.. ..#
#.....##....'..##≈≈≈≈
.#### ###
......#######...#≈≈≈≈
.# ###...#
♣♣♣♣#...#.≈≈≈ .# #..#
#..♣##.##.≈≈≈


You could see an endoplasm and a goblin.


Message History

😱 HP[-3] MP[+3]
You take 3 damage, and now have 3/13 hp.
MASSIVE DAMAGE!! (PAUSE)
Your mp is fully restored (3).
Unknown command.
Aiming: Magic Dart (safe; 3% risk of failure)
Press: ? - help, Q - select action Shift-Dir - straight line, f/p - kobold
Aim: a kobold, wielding a +0 short sword and quivering stones (100% to hit)
The magic dart hits the kobold.
The kobold misses you. 😱 MP[-1]
You lost 1 mp, and now have 2/3 mp.
Aiming: Magic Dart (safe; 3% risk of failure)
Press: ? - help, Q - select action Shift-Dir - straight line, f/p - kobold
Aim: a kobold, wielding a +0 short sword and quivering stones (heavily wounded, 100% to hit)
The magic dart hits the kobold.
You kill the kobold! 😱 MP[-1]
You lost 1 mp, and now have 1/3 mp.
You start resting.
Your magical contamination has completely faded away.
Key pressed, stopping explore.
Key pressed, stopping explore.
Key pressed, stopping explore.
b - a +0 short sword {short};
c - 4 stones {throwing}
c - 26 stones {throwing} (gained 22)
You now have 24 gold pieces (gained 18).
Found a stone staircase leading down. 😎 HP[+10] MP[+2]
Your hp is fully restored (13).
Your mp is fully restored (3).
d - 6 javelins {throwing} Key pressed, stopping explore.
e - a scroll labelled LAURHY CUTUV
d - 9 javelins {throwing} (gained 3)
An endoplasm comes into view.
The endoplasm quivers.
As you read the scroll labelled LAURHY CUTUV, it crumbles to dust.
You hear a loud clanging noise!
It was a scroll of noise.
An endoplasm is nearby!
An endoplasm is nearby!
The magic dart hits the endoplasm.
A goblin comes into view.
It is wielding a +0 club and quivering poisoned darts.
There are monsters nearby!
The magic dart hits the endoplasm but does no damage. 😎 MP[-2]
You lost 2 mp, and now have 1/3 mp.
Really attack while wielding nothing? [Y]es or [N]o only, please.
Really attack while wielding nothing? [Y]es or [N]o only, please.
Really attack while wielding nothing?
Okay, then.
Really attack while wielding nothing? [Y]es or [N]o only, please.
Really attack while wielding nothing? [Y]es or [N]o only, please.
Really attack while wielding nothing? [Y]es or [N]o only, please.
Really attack while wielding nothing? [Y]es or [N]o only, please.
Really attack while wielding nothing?
Okay, then.
b - a +0 short sword (weapon)
{short} The endoplasm freezes you.
You are frozen. 😕 HP[-3]
You take 3 damage, and now have 10/13 hp.
MASSIVE DAMAGE!! (PAUSE)
Aiming: Magic Dart (safe; 3% risk of failure)
Press: ? - help, Q - select action, (/) - cycle Shift-Dir - straight line, f/p - endoplasm
Aim: an endoplasm (lightly wounded, 100% to hit)
You miscast Magic Dart.
You are very lightly contaminated with residual magic.
Nothing appears to happen.
The endoplasm hits you. 😮 HP[-1] MP[-1]
You take 1 damage, and now have 9/13 hp.
You lost 1 mp, and now have 0/3 mp.
You hit the endoplasm. The endoplasm closely misses you.
You barely miss the endoplasm. The endoplasm freezes you.
You are frozen.
* * * LOW HITPOINT WARNING * * *
😨 HP[-3]
You take 3 damage, and now have 6/13 hp.
MASSIVE DAMAGE!! (PAUSE)
You barely miss the endoplasm. The endoplasm freezes you.
You are frozen.
* * * LOW HITPOINT WARNING * * *
😨 HP[-2]
You take 2 damage, and now have 4/13 hp.
You aren't carrying any potions.
Unknown command.
You aren't carrying any items that you can evoke.
You hit the endoplasm. The endoplasm freezes you.
You are frozen.
You die...

Action                   || total
-------------------------++-------
Melee: Short sword       ||     4
       Unarmed           ||     3
 Cast: Magic Dart        ||     6
  Use: Scroll            ||     1
       Potion            ||     1
Armor: Robe              ||     1
Dodge: Dodged            ||     3

Levels and vault maps discovered:
D:1:      sevenhm_arrival_forest_fort_small_5, layout_loops_ring,
          minmay_tromino_v2

Notes
Turn   | Place    | Note
-------+----------+-------------------------------------------
     0 | D:1      | spaghetti the Demonspawn Conjurer began the quest for the
                  | Orb.
     0 | D:1      | Reached XP level 1. HP: 13/13 MP: 3/3
     0 | D:1      | magus.rc [v1.9.6]
    74 | D:1      | HP: 3/13 [kobold/+0 short sword (3)]
   434 | D:1      | Frozen to death by an endoplasm

Vanquished Creatures
  2 bats (D:1)
  A kobold (D:1)
3 creatures vanquished.

Table legend:
 A = Non-vault XP
 B = Vault XP
 C = Vault XP percentage of total XP
 D = Non-vault monster count
 E = Vault monster count
 F = Vault count percentage of total count
                 A         B        C        D         E       F
            +---------+---------+-------+---------+---------+-------
      Total |       6 |       0 |   0.0 |       3 |       0 |   0.0
            +---------+---------+-------+---------+---------+-------
        D:1 |       6 |       0 |   0.0 |       3 |       0 |   0.0
            +---------+---------+-------+---------+---------+-------

Illustrated notes

Table legend:
 A = Kills in this place as a percentage of kills in entire the game.
 B = Kills by you in this place as a percentage of kills by you in the entire game.
 C = Kills by friends in this place as a percentage of kills by friends in the entire game.
 D = Other kills in this place as a percentage of other kills in the entire game.
 E = Experience gained in this place as a percentage of experience gained in the entire game.
 F = Experience gained in this place divided by the number of levels of this place that you have seen.
                   A       B       C       D       E      F
               +-------+-------+-------+-------+-------+----------------------
         Total | 100.0 | 100.0 |   N/A |   N/A | 100.0 |   6.0
       Dungeon | 100.0 | 100.0 |   N/A |   N/A | 100.0 |   6.0
               +-------+-------+-------+-------+-------+----------------------

Table legend: (Time is in decaauts)
 A = Elapsed time spent in this place.
 B = Non-inter-level travel time spent in this place.
 C = Inter-level travel time spent in this place.
 D = Time resting spent in this place.
 E = Time spent auto-exploring this place.
 F = Levels seen in this place.
 G = Mean time per level.
                   A        B        C        D        E       F      G
               +--------+--------+--------+--------+--------+-----+--------+
         Total |    435 |    435 |      0 |      3 |    410 |   1 |  435.0 |
       Dungeon |    435 |    435 |      0 |      3 |    410 |   1 |  435.0 |
               +--------+--------+--------+--------+--------+-----+--------+

Top non-repeatable levels by time:
     D:1: 435 daAuts
